 Dungeon Crawl Stone Soup version 0.27-a0-1565-gad902ab807 (webtiles) character file.

Game seed: 9820030591197072376

7487 pokeman the Thaumaturge (level 10, 0/54 HPs)
             Began as a Deep Elf Hedge Wizard on July 16, 2021.
             Was a Priest of Vehumet.
             Slain by a vampire mosquito (10 damage)
             ... on level 10 of the Dungeon.
             The game lasted 00:41:17 (13050 turns).

pokeman the Thaumaturge (Deep Elf Hedge Wizard)    Turns: 13050, Time: 00:41:18

Health: 0/54       AC:  6    Str:  7    XL:     10   Next: 94%
Magic:  38/38      EV: 13    Int: 29    God:    Vehumet [***...]
Gold:   533        SH:  0    Dex: 14    Spells: 12/36 levels left

rFire    + + .     SeeInvis .   B - +8 short sword of Oriarcha {flame, rF++ rC+}
rCold    + . .     Faith    .   (no shield)
rNeg     . . .     Spirit   .   J - +0 steam dragon scales
rPois    .         Reflect  .   c - +0 hat
rElec    .         Harm     .   d - +0 cloak
rCorr    .         Rampage  .   (no gloves)
Will     +....                  (no boots)
Stlth    ++........             y - amulet of magic regeneration
HPRegen  0.18/turn              e - ring of magical power
MPRegen  0.51/turn              k - +6 ring of intelligence

@: no status effects
A: no striking features
a: Renounce Religion


You were on level 10 of the Dungeon.
You worshipped Vehumet.
Vehumet was most pleased with you.
You visited 2 branches of the dungeon, and saw 11 of its levels.
You also visited: Bailey.

You collected 533 gold pieces.

Inventory:

Hand Weapons
 B - the +8 short sword of Oriarcha (weapon) {flame, rF++ rC+}
   (You took it off a wight on level 5 of the Dungeon)

   It burns those it strikes, dealing additional fire damage.
   rF:        It greatly protects you from fire.
   rC:        It protects you from cold.
 D - a +0 shortbow
 G - a +0 hand crossbow
Missiles
 a - 248 arrows
 h - 3 boomerangs of dispersal
 t - 4 throwing nets
 H - 14 bolts
Armour
 c - a +0 hat (worn)
 d - a +0 cloak (worn)
 A - a +0 kite shield
 J - +0 steam dragon scales (worn)
Jewellery
 e - a ring of magical power (left hand)
 k - a +6 ring of intelligence (right hand)
 x - an amulet of the acrobat
 y - an amulet of magic regeneration (around neck)
Wands
 o - a wand of charming (6)
 u - a wand of flame (18)
 E - a wand of digging (2)
 I - a wand of acid (7)
 K - a wand of polymorph (22)
 Q - a wand of mindburst (14)
Scrolls
 i - a scroll of identify
 l - 2 scrolls of silence
 p - 4 scrolls of teleportation
 q - 2 scrolls of blinking
 v - 3 scrolls of enchant armour
 w - 4 scrolls of vulnerability
 z - a scroll of amnesia
 C - 2 scrolls of magic mapping
 F - a scroll of fog {unknown}
 L - a scroll of acquirement
 N - 2 scrolls of fear {unknown}
Potions
 b - a potion of flight {unknown}
 f - 3 potions of mutation {unknown}
 g - 2 potions of attraction {unknown}
 j - 2 potions of degeneration {unknown}
 m - 3 potions of haste {unknown}
 n - 5 potions of curing
 r - 4 potions of heal wounds {unknown}
 s - 2 potions of berserk rage {unknown}
 M - 2 potions of experience
 O - a potion of magic {unknown}
 P - a potion of might {unknown}
 R - a potion of lignification {unknown}


   Skills:
 + Level 2.5 Fighting
 - Level 3.0 Armour
 - Level 3.0 Dodging
 - Level 3.0 Stealth
 - Level 4.0 Shields
 * Level 13.9 Spellcasting
 + Level 8.2 Conjurations
 - Level 1.1 Summonings
 - Level 1.1 Translocations
 - Level 1.1 Transmutations
 + Level 7.6 Fire Magic
 + Level 0.0 Ice Magic
 - Level 1.0 Air Magic
 - Level 1.0 Earth Magic
 - Level 1.0 Poison Magic
 - Level 1.1 Evocations


You had 12 spell levels left.
You knew the following spells:

 Your Spells              Type           Power      Damage    Failure   Level
a - Magic Dart            Conj           100%       1d8       1%          1
b - Mephitic Cloud        Conj/Pois/Air  40%        N/A       1%          3
c - Call Imp              Summ           26%        N/A       2%          2
d - Blink                 Tloc           N/A        N/A       2%          2
e - Conjure Flame         Conj/Fire      60%        6-21      1%          3
f - Foxfire               Conj/Fire      100%       2x1d9     1%          1
g - Swiftness             Air            26%        N/A       4%          3
h - Passwall              Tmut/Erth      21%        N/A       2%          2
i - Freezing Cloud        Conj/Ice/Air   19%        6-21      5%          5
j - Wereblood             Tmut           26%        N/A       2%          2

Your spell library contained the following spells:

 Spells                   Type           Power      Damage    Failure   Level
 Frozen Ramparts          Ice            40%        1d6       2%          3
 Beastly Appendage        Tmut           52%        N/A       1%          1
 Sting                    Tmut/Pois      100%       1d8       1%          1
 Poisonous Vapours        Pois/Air       52%        N/A       1%          2
 Inner Flame              Hex/Fire       42%        N/A       1%          3
 Irradiate                Conj/Tmut      23%        3d21      2%          5
 Slow                     Hex            20%        N/A       3%          2
 Sublimation of Blood     Necr           10%        N/A       3%          2
 Spider Form              Tmut/Pois      13%        N/A       4%          3
 Olgreb's Toxic Radiance  Pois           25%        N/A       4%          4
 Confusing Touch          Hex            20%        N/A       8%          3
 Vampiric Draining        Necr           10%        2d7       8%          3
 Petrify                  Tmut/Erth      26%        N/A       16%         4
 Blade Hands              Tmut           13%        N/A       41%         5
 Invisibility             Hex            10%        N/A       98%         6
 Dragon Form              Tmut           13%        N/A       100%        7


Dungeon Overview and Level Annotations

Branches:
Dungeon (10/15)            Temple (1/1) D:5             Orc (0/2) D:9
 Bailey (visited)
   Lair: D:8-11

Altars:
Ashenzari
Dithmenos
Elyvilon
Gozag
Hepliaklqana
Okawaru
Ru
Trog
Vehumet
Xom
Yredelemnul
Zin
Beogh

Shops:
D:3 [   D:8 :


Message History

* * * LOW HITPOINT WARNING * * *
A killer bee comes into view.
Unknown command.
The killer bee is engulfed in noxious fumes. x2
The killer bee appears confused.
The catoblepas is engulfed in noxious fumes.
The catoblepas gores you.
* * * LOW HITPOINT WARNING * * *
Unknown command.
Something stings the catoblepas but does no damage.
The catoblepas is engulfed in noxious fumes.
Casting: Mephitic Cloud (safe; 1% risk of failure)
Confirm with . or Enter, or press ? or * to list all spells.
You blink.
A vampire mosquito comes into view.
Found a stone staircase leading down.
The catoblepas breathes a plume of calcifying dust at you.
The blast of calcifying dust hits you but does no damage.
A vampire mosquito comes into view.
The killer bee stings the catoblepas.
The catoblepas is poisoned.
The killer bee poisons the catoblepas!
The catoblepas snuffles in challenge.
The killer bee completely misses something.
The catoblepas breathes a plume of calcifying dust at you.
The blast of calcifying dust hits you.
* * * LOW HITPOINT WARNING * * *
The vampire mosquito bites you!
* * * LOW HITPOINT WARNING * * *
The vampire mosquito draws strength from your injuries!
The vampire mosquito bites you but does no damage. x2
Found a scroll of teleportation.
The vampire mosquito bites you.
* * * LOW HITPOINT WARNING * * *
The vampire mosquito draws strength from your injuries!
A vampire mosquito comes into view.
The vampire mosquito misses you.
The killer bee is engulfed in calcifying dust.
The killer bee is moving more slowly.
It was a potion of curing.
You feel better. The vampire mosquito barely misses you.
The vampire mosquito bites you!
You die...

.....y.....# .#
.......y..###.#. #..
#............. .
#...#..........#.#.# .
#.........#....#... ..
#.........§.........
..####.......§.....#....
........§..Y§.yy......?.
#.#.....§.§.####@#####.
#.#....§§§..####.#####.#
........Y...............
#....y###...#...<.......
#.#...###...#.#..#.#.#.#
#.##y.........#..#.#.#.
.......................
#.#.y..................
# #..##.##..^..........


You could see a catoblepas (very poisoned), 2 vampire mosquitoes and a killer
bee (petrifying).

Vanquished Creatures
  An orc high priest (Bailey)
  3 orc knights (Bailey)
  A kobold demonologist (Bailey)
  Prince Ribbit (D:5)
  A shadow (D:9)
  A wraith (D:9)
  2 steam dragons
  Duvessa (D:5)
  11 orc warriors
  2 ogres
  A phantom (D:5)
  2 centaurs
  2 kobold brigands
  2 bullfrogs
  2 gnoll sergeants
  2 scorpions
  A wyvern zombie (D:7)
  A water moccasin skeleton (D:7)
  Dowan (D:5)
  4 killer bees (D:9)
  7 electric eels
  6 wights
  A howler monkey (D:4)
  A bullfrog zombie (D:5)
  8 centaur zombies
  2 gnoll shamans
  8 orc priests
  4 hounds
  2 iguanas
  A centaur skeleton (D:5)
  9 orc wizards
  A scorpion zombie (D:5)
  A hound skeleton (D:5)
  31 gnolls
  6 adders
  A white imp (D:7)
  3 ufetubi
  2 worms
  2 dart slugs
  43 orcs
  9 bats
  11 endoplasms
  4 giant cockroaches
  14 goblins
  15 hobgoblins
  10 jackals
  19 kobolds
  3 quokkas
  6 ball pythons
  6 frilled lizards
  3 rats (D:2)
281 creatures vanquished.

Vanquished Creatures (collateral kills)
  A black bear (D:4)
  An adder (D:4)
2 creatures vanquished.

Vanquished Creatures (others)
  A gnoll sergeant (D:8)
  A gnoll (Bailey)
  A hobgoblin (Bailey)
  145 foxfires
148 creatures vanquished.

Grand Total: 431 creatures vanquished

Notes
Turn   | Place    | Note
-------+----------+-------------------------------------------
     0 | D:1      | pokeman the Deep Elf Hedge Wizard began the quest for the
                  | Orb.
     0 | D:1      | Reached XP level 1. HP: 10/10 MP: 7/7
   399 | D:1      | Reached XP level 2. HP: 16/16 MP: 9/9
   703 | D:1      | Reached skill level 5 in Spellcasting
   936 | D:1      | Reached XP level 3. HP: 13/20 MP: 11/11
   944 | D:1      | Learned a level 3 spell: Mephitic Cloud
   947 | D:1      | Learned a level 2 spell: Call Imp
   950 | D:1      | Learned a level 2 spell: Blink
   958 | D:1      | Learned a level 3 spell: Conjure Flame
  1843 | D:2      | Reached skill level 1 in Fighting
  2200 | D:2      | Reached skill level 1 in Armour
  2744 | D:3      | Reached XP level 4. HP: 21/25 MP: 13/13
  2854 | D:3      | Found a sacrificial altar of Ru.
  3058 | D:3      | Reached skill level 1 in Fire Magic
  3085 | D:3      | Found Uboehiyr's Antique Armour Shoppe.
  3224 | D:3      | Reached skill level 6 in Spellcasting
  3224 | D:3      | Reached XP level 5. HP: 26/29 MP: 15/15
  3506 | D:3      | Found an opulent altar of Gozag.
  3507 | D:3      | Found a hazy altar of Hepliaklqana.
  3507 | D:3      | Found a broken altar of Ashenzari.
  3507 | D:3      | Found a shimmering altar of Xom.
  3507 | D:3      | Found a glowing silver altar of Zin.
  3508 | D:3      | Found a white marble altar of Elyvilon.
  3510 | D:3      | Found a bloodstained altar of Trog.
  3511 | D:3      | Found an iron altar of Okawaru.
  3513 | D:3      | Found a shadowy altar of Dithmenos.
  4060 | D:4      | Reached skill level 1 in Air Magic
  4102 | D:4      | Noticed a black bear
  4126 | D:4      | Killed a black bear
  4127 | D:4      | Reached skill level 1 in Poison Magic
  4127 | D:4      | Reached XP level 6. HP: 21/34 MP: 10/17
  4133 | D:4      | Reached skill level 7 in Spellcasting
  4133 | D:4      | Reached skill level 1 in Evocations
  4136 | D:4      | Learned a level 2 spell: Passwall
  4140 | D:4      | Learned a level 3 spell: Swiftness
  4585 | D:4      | Reached skill level 1 in Earth Magic
  4716 | D:4      | Reached skill level 1 in Transmutations
  4716 | D:4      | Reached XP level 7. HP: 34/39 MP: 20/20
  5144 | D:5      | Entered Level 5 of the Dungeon
  5417 | D:5      | Reached skill level 8 in Spellcasting
  5622 | D:5      | Noticed Duvessa
  5624 | D:5      | Noticed Dowan
  5632 | D:5      | Killed Dowan
  5637 | D:5      | Killed Duvessa
  5638 | D:5      | Reached XP level 8. HP: 13/44 MP: 22/22
  5936 | D:5      | Identified the +8 short sword of Oriarcha {flame, rF++ rC+}
  5947 | D:5      | Reached skill level 9 in Spellcasting
  6046 | D:5      | Noticed Prince Ribbit
  6056 | D:5      | Killed Prince Ribbit
  6081 | D:5      | Reached skill level 5 in Conjurations
  6124 | D:5      | Found a staircase to the Ecumenical Temple.
  6140 | Temple   | Entered the Ecumenical Temple
  6180 | Temple   | Became a worshipper of Vehumet
  6308 | D:5      | Learned a level 1 spell: Foxfire
  7041 | D:6      | Reached skill level 10 in Spellcasting
  7370 | D:6      | Reached XP level 9. HP: 43/48 MP: 25/25
  7830 | D:7      | Reached * piety under Vehumet
  7830 | D:7      | Offered knowledge of Sandblast by Vehumet.
  8086 | D:7      | Reached skill level 1 in Shields
  8224 | D:7      | Reached skill level 5 in Fire Magic
  8307 | D:7      | Reached skill level 11 in Spellcasting
  9108 | D:8      | Reached ** piety under Vehumet
  9115 | D:8      | Offered knowledge of Freeze by Vehumet.
  9867 | D:8      | Found Atya's Book Shop.
 10242 | D:9      | Reached skill level 12 in Spellcasting
 10294 | D:9      | Found a flagged portal.
 10303 | Bailey   | Entered a bailey
 10451 | Bailey   | Noticed a kobold demonologist
 10458 | Bailey   | Killed a kobold demonologist
 10479 | Bailey   | Noticed an orc high priest
 10492 | Bailey   | Noticed a smoke demon
 10492 | Bailey   | Noticed a hellwing
 10495 | Bailey   | Killed an orc high priest
 10496 | Bailey   | Reached XP level 10. HP: 53/53 MP: 28/28
 10516 | Bailey   | Offered knowledge of Static Discharge by Vehumet.
 10538 | Bailey   | Noticed an orc knight
 10550 | Bailey   | Killed an orc knight
 10573 | Bailey   | Found an iron altar of Okawaru.
 10597 | Bailey   | Reached *** piety under Vehumet
 10822 | Bailey   | Reached skill level 13 in Spellcasting
 10916 | Bailey   | Offered knowledge of Frozen Ramparts by Vehumet.
 11165 | Bailey   | Noticed an orc knight
 11182 | Bailey   | Killed an orc knight
 11612 | Bailey   | Noticed an orc knight
 11626 | Bailey   | Killed an orc knight
 12290 | D:9      | Found a staircase to the Orcish Mines.
 12294 | D:9      | Upgraded the game from 0.27-a0-1557-g57f10a385c to
                  | 0.27-a0-1565-gad902ab807
 12470 | D:9      | Reached **** piety under Vehumet
 12886 | D:9      | Learned a level 5 spell: Freezing Cloud
 12889 | D:9      | Learned a level 2 spell: Wereblood
 13014 | D:10     | Entered Level 10 of the Dungeon
 13031 | D:10     | Noticed a catoblepas
 13048 | D:10     | HP: 2/54 [vampire mosquito (3)]
 13050 | D:10     | Slain by a vampire mosquito

Illustrated notes

Levels and vault maps discovered:
D:1:      sevenhm_arrival_forest_fort_small_5, layout_basic
D:2:      layout_loops_corners, minmay_cut_off
D:3:      layout_basic, mainiacjoe_overflow_catwalk, minitemple, serial_shops,
          nicolae_shop_statue_plus
D:4:      layout_basic, kennysheep_dice
D:5:      layout_cave_pools, minmay_temple_entry_statues_pillars,
          lemuel_flamethrower_2, uniq_prince_ribbit1, uniq_duvessa
D:6:      layout_rooms, minivault_14
D:7:      layout_rooms
D:8:      layout_cave_pools, serial_shops,
          nicolae_shop_temple_entry_statues_fountains
D:9:      layout_long_grid, minmay_orc_entry_temple_small, enter_bailey_6
D:10:     layout_basic, lemuel_round_altar, hex_intersection
Temple:   minmay_temple_curvy_loop

Skill      XL: |  1  2  3  4  5  6  7  8  9 10 |
---------------+-------------------------------+-----
Spellcasting   | 5 6 7 8 10 12 13 | 13.9
Fighting       | 1 2 |  2.5
Conjurations   | 2 3 4 5 7 8 |  8.2
Armour         | 1 3 |  3.0
Fire Magic     | 1 2 4 6 7 |  7.6
Dodging        | 3 |  3.0
Air Magic      | 1 |  1.0
Stealth        | 3 |  3.0
Poison Magic   | 1 |  1.0
Evocations     | 1 |  1.1
Earth Magic    | 1 |  1.0
Transmutations | 1 |  1.1
Shields        | 3 4 |  4.0
Summonings     | |  1.1
Translocations | |  1.1

Action                   |  1- 3 |  4- 6 |  7- 9 | 10-12 || total
-------------------------+-------+-------+-------+-------++-------
Melee: Dagger            |     7 |    12 |     1 |       ||    20
       Short sword       |       |       |   107 |    32 ||   139
 Cast: Magic Dart        |   121 |   108 |   319 |    37 ||   585
       Conjure Flame     |       |     4 |    20 |     8 ||    32
       Mephitic Cloud    |       |     6 |    39 |    22 ||    67
       Call Imp          |       |     1 |     3 |       ||     4
       Blink             |       |       |     4 |     1 ||     5
       Foxfire           |       |       |     5 |    75 ||    80
  Use: Scroll            |       |       |     8 |       ||     8
       Potion            |       |       |       |     1 ||     1
 Stab: Sleeping          |     1 |       |       |       ||     1
       Confused          |       |     1 |    10 |     5 ||    16
Armor: Robe              |     1 |       |       |       ||     1
       Leather armour    |     2 |     4 |    21 |       ||    27
       Steam dragon scal |       |       |     9 |    11 ||    20
Dodge: Dodged            |    19 |    17 |    96 |    29 ||   161

Table legend: (Time is in decaauts)
 A = Elapsed time spent in this place.
 B = Non-inter-level travel time spent in this place.
 C = Inter-level travel time spent in this place.
 D = Time resting spent in this place.
 E = Time spent auto-exploring this place.
 F = Levels seen in this place.
 G = Mean time per level.
                   A        B        C        D        E       F      G
               +--------+--------+--------+--------+--------+-----+--------+
         Total |  13080 |  12786 |    294 |    556 |  10210 |  12 | 1090.0 |
       Dungeon |  11469 |  11203 |    266 |    263 |   9248 |  10 | 1146.9 |
        Temple |     69 |     41 |     28 |      0 |     35 |   1 |   69.0 |
        Bailey |   1541 |   1541 |      0 |    293 |    927 |   1 | 1541.0 |
               +--------+--------+--------+--------+--------+-----+--------+

Top non-repeatable levels by time:
     D:5: 1723 daAuts
     D:7: 1632 daAuts
  Bailey: 1541 daAuts
     D:1: 1343 daAuts
     D:2: 1310 daAuts
     D:9: 1267 daAuts
     D:4: 1248 daAuts
     D:3: 1240 daAuts
     D:8: 983 daAuts
     D:6: 683 daAuts
  Temple: 69 daAuts
    D:10: 36 daAuts
